 Dungeon Crawl Stone Soup version coffee-0.2.0 (webtiles) character file.

Game seed: 5694352477544124145, levelgen mode: deterministic

3784 Dorkslayer the Spear-Bearer (level 9, -1/106 HPs)
             Began as a Demigod Conjurer on Oct 4, 2020.
             Slain by a wolf (3 damage)
             ... led by Grum
             ... on level 8 of the Dungeon.
             The game lasted 00:33:35 (7414 turns).

Dorkslayer the Spear-Bearer (Demigod Conjurer)      Turns: 7414, Time: 00:33:36

Health: -1/106     AC:  6    Str: 11    XL:     9   Next: 64%
Magic:  18/18      EV: 16    Int: 25    God:
Gold:   414        SH:  0    Dex: 16    Spells: 6/16 levels left

rFire    . . .     SeeInvis .   j - +7 demon trident of Imenu {flame, rPois MR+}
rCold    . . .     Gourm    .   (no shield)
rNeg     . . .     Faith    .   a - +0 robe
rPois    +         Spirit   .   u - +2 helmet
rElec    .         Reflect  .   o - +0 cloak
rCorr    .         Harm     .   (no gloves)
MR       +....                  (no boots)
Stlth    ..........             (no amulet)
HPRegen  0.27/turn              p - ring of wizardry
MPRegen  0.16/turn              q - ring of stealth

@: berserking (expiring), very quick
A: high mp 1
a: no special abilities


You were on level 8 of the Dungeon.
You were not hungry.

You visited 1 branch of the dungeon, and saw 8 of its levels.

You collected 414 gold pieces.

Inventory:

Hand Weapons
 j - the +7 demon trident of Imenu (weapon) {flame, rPois MR+}
   (You found it on level 1 of the Dungeon)

   It has been specially enchanted to burn those struck by it, causing extra
   injury to most foes and up to half again as much damage against particularly
   susceptible opponents.
   It protects you from poison.
   It affects your resistance to hostile enchantments.
 A - a +1 demon blade of flaming
Missiles
 k - 12 boomerangs
 w - 3 javelins (quivered)
Armour
 a - a +0 robe (worn)
 o - a +0 cloak (worn)
 u - a +2 helmet (worn)
Jewellery
 p - a ring of wizardry (left hand)
 q - a ring of stealth (right hand)
 v - an uncursed ring of resist corrosion
Scrolls
 b - 5 scrolls of immolation
 d - 4 scrolls of fog
 e - 2 scrolls of holy word
 f - a scroll of amnesia
 g - a scroll of fear
 h - 2 scrolls of magic mapping
 l - 6 scrolls of remove curse
 m - 3 scrolls of teleportation
 r - a scroll of vulnerability
 y - 4 scrolls of enchant armour
Potions
 s - a potion of brilliance
 x - a potion of stabbing
 z - a potion of mutation
Comestibles
 c - 12 rations


   Skills:
 + Level 3.9(6.2) Fighting
 + Level 9.0 Polearms
 + Level 1.1 Throwing
 + Level 2.9(5.8) Dodging
 + Level 4.9(7.0) Stealth
 * Level 4.2(5.9) Spellcasting
 * Level 6.2(6.3) Conjurations
 + Level 1.0(4.0) Hexes
 + Level 0.1(3.9) Translocations


You had 6 spell levels left.
You knew the following spells:

 Your Spells              Type           Power        Failure   Level  Hunger
a - Magic Dart            Conj           ####         1%          1    None
b - Foxfire               Conj/Fire      ####         1%          1    None
c - Corona                Hex            ####...      1%          1    None
d - Iskenderun's Mystic   Conj/Tloc      ####....     3%          4    ###....
e - Confusing Touch       Hex            ####....     1%          3    #......

Your spell library contained the following spells:

 Spells                   Type           Power        Failure   Level  Hunger
 Animate Skeleton         Necr           N/A          1%          1    None
 Apportation              Tloc           ####..       1%          1    None
 Summon Small Mammal      Summ           ####         1%          1    None
 Searing Ray              Conj           #####.       1%          2    None
 Conjure Flame            Conj/Fire      ####....     1%          3    #......
 Dazzling Flash           Conj/Hex       ####..       1%          3    #......
 Gell's Gravitas          Tloc           ####......   1%          3    #......
 Inner Flame              Hex/Fire       ####....     1%          3    #......
 Fulminant Prism          Conj/Hex       ####......   3%          4    ###....
 Sticky Flame             Conj/Fire      ####....     3%          4    ###....
 Petrify                  Tmut/Erth      ####....     6%          4    ###....
 Fireball                 Conj/Fire      ####......   11%         5    #####..
 Metabolic Englaciation   Hex/Ice        ####......   16%         5    #####..
 Yara's Violent Unravell  Hex/Tmut       ####......   16%         5    #####..


Dungeon Overview and Level Annotations

Branches:
Dungeon (8/10)             Temple (0/1) D:2

Annotations:
D:8 Grum


Innate Abilities, Weirdness & Mutations

You have an increased reservoir of magic. (+10% MP)


Message History

The wolf bites you but does no damage. The wolf misses you.
You closely miss the wolf. The wolf misses you. x2
You puncture the wolf! You burn the wolf!
The wolf is almost dead.
The wolf barely misses you. The wolf bites you!
* * * LOW HITPOINT WARNING * * *
You impale the wolf!! You burn the wolf.
You kill the wolf!
The wolf bites you!
* * * LOW HITPOINT WARNING * * *
You miss the wolf. You impale the wolf!! You burn the wolf!
You kill the wolf!
Your Polearms skill increases to level 9!
The wolf bites you.
* * * LOW HITPOINT WARNING * * *
You puncture the wolf! You burn the wolf.
You kill the wolf!
The wolf bites you.
You die...

#........... ..
#..........( >.
#####........... ..
................ ..
................
####+###
................ +....#
......g....).... #....#
.....##'#####+#####....#
######.†h@.............+
#..................#
#..................###
#..................##.
##....................
##....................
#.....................
####'##'##############
#.....................


You could see Grum and a wolf.

Vanquished Creatures
  Joseph (D:7)
  A gargoyle (D:8)
  Grinder (D:5)
  Eustachio (D:5)
  Edmund (D:6)
  A water moccasin (D:8)
  An ice beast (D:5)
  A phantom (D:8)
  4 centaurs
  3 wolves (D:8)
  4 ogres
  A crocodile (D:8)
  4 big kobolds
  2 scorpions
  5 killer bees (D:7)
  2 water moccasin skeletons
  A howler monkey (D:5)
  A bullfrog zombie (D:6)
  A crimson imp (D:5)
  A hound (D:5)
  A quasit (D:7)
  A centaur zombie (D:6)
  A centaur skeleton (D:8)
  A jelly (D:8)
  A bullfrog skeleton (D:7)
  2 iguanas
  8 worker ants
  A killer bee zombie (D:8)
  A hound zombie (D:5)
  A howler monkey zombie (D:5)
  8 adders
  3 shadow imps
  3 worms
  3 dart slugs
  A leopard gecko (D:3)
  6 orcs
  A ball python (D:2)
  2 giant cockroaches
  7 goblins (D:1)
  9 hobgoblins
  15 jackals
  5 quokkas
  7 bats
  2 frilled lizards (D:1)
  23 kobolds
  7 rats
157 creatures vanquished.

Vanquished Creatures (collateral kills)
  A scorpion (D:7)
1 creature vanquished.

Grand Total: 158 creatures vanquished

Notes
Turn   | Place    | Note
-------+----------+-------------------------------------------
     0 | D:1      | Dorkslayer the Demigod Conjurer began the quest for the
                  | Orb.
     0 | D:1      | Reached XP level 1. HP: 14/14 MP: 5/5
   298 | D:1      | Reached XP level 2. HP: 20/20 MP: 5/7
  1048 | D:1      | Reached XP level 3. HP: 20/26 MP: 6/8
  1052 | D:1      | Got the +7 demon trident of Imenu {flame, rPois MR+}
  1485 | D:2      | Reached XP level 4. HP: 31/33 MP: 6/9
  1499 | D:2      | Learned a level 1 spell: Foxfire
  1560 | D:2      | Reached skill level 1 in Polearms
  1603 | D:2      | Found a staircase to the Ecumenical Temple.
  2145 | D:3      | Noticed a centaur
  2152 | D:3      | Killed a centaur
  2152 | D:3      | Reached skill level 2 in Polearms
  2152 | D:3      | Reached XP level 5. HP: 36/39 MP: 11/11
  2366 | D:3      | Found a white marble altar of Elyvilon.
  2824 | D:4      | Noticed an ogre
  2830 | D:4      | Killed an ogre
  2830 | D:4      | Reached skill level 3 in Polearms
  2830 | D:4      | Reached XP level 6. HP: 46/46 MP: 7/12
  3641 | D:5      | Entered Level 5 of the Dungeon
  3660 | D:5      | Noticed Grinder
  3670 | D:5      | Killed Grinder
  3670 | D:5      | Reached skill level 1 in Fighting
  3670 | D:5      | Reached skill level 4 in Polearms
  3670 | D:5      | Reached XP level 7. HP: 30/52 MP: 13/13
  3702 | D:5      | Reached skill level 5 in Polearms
  3872 | D:5      | Noticed Eustachio
  3903 | D:5      | Killed Eustachio
  3903 | D:5      | Reached skill level 6 in Polearms
  4282 | D:5      | Learned a level 1 spell: Corona
  4287 | D:5      | Learned a level 4 spell: Iskenderun's Mystic Blast
  4427 | D:6      | Noticed Edmund
  4440 | D:6      | Killed Edmund
  4440 | D:6      | Reached skill level 5 in Conjurations
  4440 | D:6      | Reached XP level 8. HP: 49/61 MP: 12/15
  4554 | D:6      | Reached skill level 7 in Polearms
  5428 | D:7      | Noticed Joseph
  5453 | D:7      | HP: 2/62 [Joseph/+2 quarterstaff of protection (10)]
  5479 | D:7      | Killed Joseph
  5884 | D:7      | Reached skill level 8 in Polearms
  6207 | D:7      | Learned a level 3 spell: Confusing Touch
  6217 | D:7      | Reached XP level 9. HP: 42/70 MP: 14/17
  6512 | D:8      | Noticed a gargoyle
  6523 | D:8      | Killed a gargoyle
  6523 | D:8      | Reached skill level 1 in Throwing
  6867 | D:8      | Reached skill level 1 in Hexes
  7390 | D:8      | Noticed Grum
  7412 | D:8      | Reached skill level 9 in Polearms
  7412 | D:8      | HP: 1/106 [wolf[Grum] (6)]
  7414 | D:8      | Slain by a wolf

Levels and vault maps discovered:
D:1:      dpeg_arrival_renting, layout_basic
D:2:      layout_basic, minmay_temple_entry_arrows, dk_noncrumbling_2
D:3:      layout_loops_ring, nicolae_overflow_crystal_walls, minivault_14
D:4:      layout_basic, minivault_1
D:5:      layout_gridville, first_ration, uniq_eustachio, uniq_grinder
D:6:      cheibrodos_thug_alley, layout_loops_ring, uniq_edmund
D:7:      layout_basic, uniq_joseph
D:8:      layout_gridville, uniq_grum

Skill      XL: |  1  2  3  4  5  6  7  8  9 |
---------------+----------------------------+-----
Conjurations   | 4 5 6 |  6.2
Spellcasting   | 2 3 4 |  4.2
Stealth        | 2 3 4 |  4.9
Polearms       | 2 3 4 6 8 9 |  9.0
Dodging        | 2 |  2.9
Fighting       | 1 2 3 |  3.9
Throwing       | 1 |  1.1
Hexes          | 1 |  1.0
Translocations | |  0.1

Action                   |  1- 3 |  4- 6 |  7- 9 || total
-------------------------+-------+-------+-------++-------
Melee: War axe           |    16 |       |       ||    16
       Unarmed           |     1 |       |       ||     1
       Demon trident     |    16 |    64 |   188 ||   268
       Punch             |       |       |     3 ||     3
Throw: Boomerang         |     5 |     1 |       ||     6
       Javelin           |       |     1 |    11 ||    12
 Cast: Magic Dart        |    54 |    35 |    75 ||   164
       Corona            |       |       |     7 ||     7
       Confusing Touch   |       |       |     2 ||     2
       Iskenderun's Myst |       |       |     1 ||     1
  Use: Potion            |       |       |    10 ||    10
       Scroll            |       |       |     3 ||     3
 Stab: Sleeping          |     1 |     6 |    10 ||    17
       Distracted        |       |     2 |     1 ||     3
  Eat: Chunk             |     2 |     7 |     5 ||    14
       Ration            |       |       |     2 ||     2
Armor: Robe              |     5 |    13 |    31 ||    49
Dodge: Dodged            |    31 |    22 |   130 ||   183
